AoeStats
← MarkiManki

Arena

509388970Analyzed
4v4 RM · 4d ago on Sep 26, 2026· 42m 45s· 8 players
Game mode
Random Map
Map size
Large (8 player)
Population
200
Speed
Normal
Resources
Standard
Victory
Conquest
Starting age
Dark Age
Ending age
Imperial Age
RankedLock teamsTeams togetherTeam positionsShared explorationLock speedFull tech treeHidden civsTurbo modeCheats
Victory
Defeat
🇩🇪 Ethiopians · Germany
1189
+16
🇦🇷 Teutons · Argentina
1188
+16
🇹🇼 Khmer · Taiwan
1181
+16
🇺🇸 Romans · United States
1161
+17
🇹🇼 Khmer · Taiwan
1249
-18
🇹🇼 Persians · Taiwan
1198
-17
🇮🇳 Danes · India
1158
-15
🇮🇳 Varangians · India
1158
-15
MarkiManki
10:50 Feudal Age
14:21 Castle Age
13:28 Double-Bit Axe
19:35 Horse Collar
22:34 Wheelbarrow
23:28 Gold Mining
25:02 Thumb Ring
25:34 Hand Cart
24:56 Crossbowman
25:35 Fletching
26:20 Bodkin Arrow
26:58 Bow Saw
27:26 Ballistics
28:05 Heavy Plow
27:54 Town Watch
31:00 Imperial Age
28:55 Loom
29:22 Padded Archer Armor
31:39 Leather Archer Armor
31:45 Bracer
31:16 Arbalester
33:07 Chemistry
34:01 Two-Man Saw
36:55 Gold Shaft Mining
37:22 Ring Archer Armor
38:18 Conscription
38:12 Stone Mining
38:09 Capped Ram
40:38 Siege Engineers
BigOleChunguss
10:50 Feudal Age
14:42 Castle Age
12:50 Double-Bit Axe
14:08 Horse Collar
14:21 Stone Mining
14:25 Gold Mining
21:19 Wheelbarrow
21:12 Bow Saw
22:58 Hand Cart
24:14 Loom
28:43 Imperial Age
26:48 Fletching
28:07 Scale Barding Armor
28:25 Forging
30:10 Chain Barding Armor
30:16 Bodkin Arrow
30:36 Ballistas
31:09 Heavy Scorpion
34:17 Chemistry
34:25 Siege Engineers
35:57 Masonry
younguns
11:51 Feudal Age
16:49 Castle Age
16:33 Double-Bit Axe
16:30 Horse Collar
17:14 Loom
19:50 Bow Saw
22:10 Forging
26:42 Heavy Plow
27:18 Scale Barding Armor
28:51 Iron Casting
28:08 Fletching
30:40 Bodkin Arrow
33:58 Imperial Age
32:43 Wheelbarrow
33:01 Chain Barding Armor
35:03 Bloodlines
35:30 Plate Barding Armor
35:56 Blast Furnace
36:02 Husbandry
35:23 Cavalier
36:22 Scale Mail Armor
36:23 Bracer
37:18 Wheelbarrow
36:37 Gold Mining
36:38 Stone Mining
36:55 Town Watch
37:11 Pikeman
38:47 Chain Mail Armor
37:54 Halberdier
39:20 Gold Shaft Mining
39:01 Town Patrol
39:16 Hand Cart
Pelado
10:43 Feudal Age
14:43 Castle Age
12:27 Horse Collar
12:51 Double-Bit Axe
15:46 Heavy Plow
15:57 Bow Saw
23:20 Wheelbarrow
23:54 Town Watch
24:01 Town Watch
27:40 Imperial Age
26:27 Hand Cart
26:07 Gold Mining
29:23 Chemistry
29:32 Two-Man Saw
30:41 Pikeman
31:21 Squires
31:23 Scale Mail Armor
31:33 Forging
32:47 Town Patrol
32:35 Heavy Scorpion
35:29 Ballistics
35:53 Halberdier
37:34 Conscription
37:31 Siege Engineers
38:15 Chain Mail Armor
38:35 Iron Casting
39:30 Plate Mail Armor
38:50 Loom
42:18 Blast Furnace
41:05 Arson
xu3u6vm0888
11:42 Feudal Age
15:00 Castle Age
14:32 Scale Barding Armor
16:04 Husbandry
21:43 Chain Barding Armor
22:07 Forging
23:51 Ballistics
23:36 Double-Bit Axe
23:50 Horse Collar
26:31 Bow Saw
26:22 Heavy Plow
31:46 Light Cavalry
32:40 Bloodlines
33:34 Iron Casting
33:30 Stone Mining
33:32 Gold Mining
40:24 Imperial Age
37:40 Loom
44:58 Imperial Age
Forlorn Hope
5:12 Loom
9:00 Loom
10:45 Feudal Age
16:02 Castle Age
13:44 Man-at-Arms
14:52 Fletching
15:44 Double-Bit Axe
16:14 Arson
16:38 Long Swordsman
18:43 Horse Collar
21:19 Gambesons
21:35 Squires
22:28 Bow Saw
22:44 Gold Mining
27:32 Wheelbarrow
30:42 Imperial Age
28:53 Husbandry
29:04 Bloodlines
30:27 Gold Shaft Mining
31:06 Ballistics
30:24 Pikeman
31:47 Hand Cart
32:54 Chemistry
34:56 Elite Skirmisher
38:15 Onager
42:27 Siege Engineers
sh4dowGokU
9:55 Loom
11:42 Feudal Age
15:13 Castle Age
13:21 Double-Bit Axe
14:51 Gold Mining
15:57 Bloodlines
20:41 Bow Saw
20:56 Horse Collar
22:14 Loom
23:04 Wheelbarrow
22:15 Town Watch
25:10 Scale Barding Armor
25:19 Stone Mining
25:55 Hand Cart
25:56 Heavy Plow
30:50 Imperial Age
28:42 Treadmill Crane
29:25 Chain Barding Armor
29:15 Forging
29:07 Husbandry
29:59 Stone Shaft Mining
29:40 Vendel Legacy
31:52 Iron Casting
30:57 Cavalier
32:00 Conscription
32:32 Plate Barding Armor
33:08 Chemistry
32:42 Fletching
35:45 Blast Furnace
37:46 Ballistics
37:31 Siege Engineers
37:31 Onager
37:36 Light Cavalry
38:39 Fletching
38:50 Padded Archer Armor
41:15 Bodkin Arrow
41:32 Fortified Wall
嗷拜
0:31 Loom
12:12 Feudal Age
12:38 Horse Collar
18:19 Castle Age
17:35 Double-Bit Axe
17:41 Gold Mining
18:38 Wheelbarrow
19:25 Bow Saw
23:36 Caravan
26:04 Hand Cart
25:52 Heavy Plow
26:15 Town Watch
27:57 Scale Barding Armor
28:03 Forging
28:53 Masonry
29:40 Husbandry
32:38 Imperial Age
31:00 Stone Mining
31:46 Gold Shaft Mining
31:41 Ballistics
32:31 Stone Shaft Mining
32:30 Chain Barding Armor
32:45 Iron Casting
32:01 Fletching
32:47 Town Patrol
34:04 Two-Man Saw
33:35 Crop Rotation
33:40 Architecture
34:11 Chemistry
34:03 Plate Barding Armor
33:44 Bloodlines
34:41 Conscription
34:57 Hoardings
35:42 Blast Furnace
36:02 Guilds
36:07 Elite War Elephant
Connection lost

Rejoining the realm…

Still unreachable

The connection could not be restored.

Session expired

The server has moved on; the page needs a fresh start.